Map: Kairos Junction LE

Players

firefly - Winner!

  • Race: Protoss Protoss
  • League: Gold
  • Spawn Location: 5:00

PSiArc

  • Race: Terran Terran
  • Spawn Location: 11:00

Event: 2019 WCS Winter Americas

VOD

Have the link to the VOD?

Description

Time

  • Played on: Feb. 10, 2019, 1:36 p.m.
  • Length: 12:26

All games in this series

Show
View Real Time Build Order
Export as new Build Order

firefly Protoss - Winner!

Build Orders: 1 Gate Expand, Double Forge, Phoenix Opening, Blink Stalkers 

Get SALT Encoding   

  12  0:00  Probe  
  13  0:12  Probe  
  14  0:18  Pylon  
  14  0:24  Probe  
  15  0:33  Probe  
  15  0:38  Gateway  
  15  0:41  Probe  
  17  0:51  Assimilator, Probe  
  18  1:03  Probe  
  19  1:15  Probe  
  20  1:25  Nexus  
  20  1:35  Cybernetics Core  
  20  1:37  Probe  
  21  1:44  Assimilator  
  21  1:49  Probe  
  21  1:53  Pylon  
  22  2:01  Stalker, Probe  
  23  2:11  Warp Gate  
  23  2:14  Probe  
  26  2:26  Probe  
  27  2:34  Probe x2, Twilight Council  
  27  2:41  Blink  
  27  2:42  Probe x2  
  27  2:43  Sentry  
  33  2:52  Probe x2  
  35  3:04  Probe x2  
  37  3:09  Gateway  
  37  3:10  Gateway  
  36  3:16  Probe  
  36  3:18  Phoenix, Probe  
  38  3:21  Stalker  
  38  3:26  Pylon  
  40  3:28  Probe  
  40  3:30  Probe  
  42  3:36  Pylon  
  42  3:42  Probe  
  42  3:43  Pylon  
  42  3:48  Assimilator, Probe  
  44  3:56  Probe  
  45  4:05  Stalker x3  
  51  4:13  Nexus  
  51  4:16  Probe x2  
  53  4:29  Forge x2  
  53  4:39  Protoss Ground Armor Level 1  
  53  4:42  Charge  
  53  4:44  Probe  
  53  4:45  Probe  
  55  4:53  Protoss Ground Weapons Level 1  
  57  5:01  Gateway x2  
  57  5:03  Gateway  
  55  5:07  Gateway  
  55  5:09  Gateway  
  55  5:18  Phoenix  
  55  5:19  Robotics Facility  
  55  5:23  Probe x2  
  57  5:30  Sentry x2  
  57  5:31  Probe  
  57  5:33  Pylon  
  57  5:35  Probe x2  
  64  5:36  Stalker  
  66  5:44  Probe  
  66  5:47  Probe x2  
  66  5:48  Pylon  
  69  5:50  Pylon  
  69  5:57  Zealot x4  
  69  5:58  Zealot  
  69  6:02  Probe  
  69  6:03  Probe x2  
  82  6:06  Zealot x2  
  82  6:07  Zealot  
  82  6:08  Observer  
  87  6:14  Probe  
  87  6:15  Probe  
  88  6:21  Stalker x3  
  88  6:23  Probe  
  93  6:27  Observer, Probe, Protoss Ground Weapons Level 2  
  91  6:35  Probe  
  91  6:36  Probe  
  91  6:38  Shield Battery  
  91  6:39  Probe  
  93  6:40  Shield Battery, Warp Prism  
  93  6:41  Shield Battery  
  93  6:49  Protoss Ground Armor Level 2  
  95  7:02  Pylon  
  95  7:13  Zealot x6  
  107  7:23  Probe  
  107  7:24  Probe  
  107  7:29  Probe  
  109  7:35  Zealot x4, Probe  
  117  7:38  Pylon  
  117  7:50  Pylon  
  117  7:52  Pylon  
  117  7:56  Probe x2  
  119  8:00  Pylon  
  119  8:02  Probe  
  120  8:08  Probe  
  109  8:21  Zealot x2  
  109  8:22  Zealot x6  
  125  8:27  Immortal  
  102  8:48  Zealot x6  
  102  8:49  Zealot x2, Protoss Ground Weapons Level 3  
  108  8:57  Protoss Ground Armor Level 3  
  108  8:58  Probe x3  
  108  9:01  Immortal  
  99  9:13  Zealot x8  
  103  9:40  Immortal  
  103  9:42  Stalker x5, Zealot x2  
  103  9:43  Zealot  
  123  9:47  Templar Archives  
  117  10:00  Probe  
  117  10:01  Probe  
  117  10:06  Assimilator  
  119  10:07  Assimilator  
  119  10:13  Nexus  
  119  10:16  Stalker x2  
  119  10:19  Psionic Storm  
  121  10:47  High Templar x4  
  121  10:48  Zealot x4  
  133  10:51  Immortal  
  133  10:53  Archon x2  
  133  10:57  Probe x3  
  129  10:59  Pylon  
  129  11:03  Assimilator  
  134  11:04  Assimilator  
  134  11:09  Probe  
  135  11:17  Zealot  
  135  11:18  Zealot x3  
  143  11:24  Probe x3, Warp Prism  
  146  11:27  Probe  
  146  11:29  Zealot  
  146  11:30  Zealot x3  
  157  11:34  Robotics Bay  
  157  11:35  Robotics Facility  
  157  11:36  Probe x2  
  157  11:39  Assimilator  
  159  11:47  Zealot x4  
  131  12:22  Zealot x2  
  131  12:23  Zealot x6  
Show
View Real Time Build Order
Export as new Build Order

PSiArc Terran 

Build Orders: Reaper Expand 

Get SALT Encoding   

  12  0:00  SCV  
  13  0:13  SCV  
  14  0:17  Supply Depot  
  14  0:25  SCV  
  15  0:38  SCV  
  15  0:40  Barracks  
  16  0:44  Refinery  
  16  0:50  SCV  
  17  1:02  SCV  
  18  1:14  SCV  
  19  1:27  Reaper, Orbital Command  
  20  1:44  Command Center  
  20  1:53  SCV  
  21  1:57  Supply Depot  
  21  2:00  Marine  
  22  2:06  SCV  
  23  2:12  Factory  
  23  2:19  SCV  
  24  2:23  Barracks Reactor  
  24  2:26  Refinery  
  24  2:31  SCV  
  25  2:44  SCV  
  26  2:55  Factory Tech Lab  
  26  2:56  SCV, Orbital Command  
  27  2:59  Marine x2  
  27  3:02  Starport  
  29  3:08  SCV  
  30  3:17  Marine x2  
  30  3:18  Cyclone  
  35  3:20  SCV  
  35  3:22  SCV  
  35  3:23  Refinery  
  37  3:32  SCV, Supply Depot  
  38  3:34  SCV  
  38  3:38  Marine x2  
  38  3:39  Starport Tech Lab  
  41  3:44  SCV  
  41  3:47  SCV  
  43  3:56  SCV  
  43  3:59  SCV  
  43  4:00  Marine x2  
  47  4:03  Raven  
  47  4:08  SCV  
  50  4:11  SCV  
  50  4:12  Supply Depot  
  51  4:18  Command Center  
  51  4:20  SCV  
  51  4:23  SCV  
  53  4:30  Cloaking Field  
  53  4:34  Siege Tank, Supply Depot  
  53  4:35  SCV  
  53  4:37  SCV  
  58  4:40  Marine x2  
  59  4:47  SCV  
  59  4:49  SCV  
  58  4:53  Banshee  
  58  4:59  SCV  
  61  5:01  SCV  
  61  5:06  Siege Tank  
  65  5:11  SCV  
  65  5:14  SCV  
  65  5:18  Marine x2  
  66  5:23  SCV  
  66  5:25  Supply Depot  
  66  5:26  SCV  
  69  5:35  SCV  
  69  5:37  Barracks  
  69  5:38  SCV, Barracks  
  69  5:43  Banshee  
  69  5:46  Orbital Command  
  69  5:47  SCV  
  69  5:49  Siege Tank  
  76  5:50  SCV  
  77  5:59  SCV  
  77  6:00  Barracks Tech Lab  
  77  6:02  SCV  
  79  6:06  Barracks  
  79  6:08  Engineering Bay, Barracks  
  79  6:09  Engineering Bay  
  79  6:12  SCV  
  79  6:14  SCV  
  81  6:18  SCV  
  81  6:21  Marauder  
  81  6:24  Stimpack  
  87  6:32  Barracks Reactor  
  84  6:34  SCV x2  
  84  6:35  SCV  
  84  6:36  Combat Shield  
  84  6:39  Starport Reactor, Factory Reactor  
  84  6:40  Terran Infantry Weapons Level 1, Terran Infantry Armor Level 1  
  84  6:42  Supply Depot  
  84  6:46  Marauder, Marine  
  87  6:48  SCV  
  87  6:49  Orbital Command  
  88  6:57  Marine x2  
  88  6:58  SCV  
  88  7:00  SCV, Supply Depot  
  92  7:04  Marauder, Refinery  
  92  7:06  Supply Depot  
  92  7:07  Supply Depot  
  92  7:08  Marauder  
  96  7:10  SCV  
  96  7:12  SCV  
  96  7:14  Marauder, Marine  
  101  7:20  Refinery, SCV, Medivac x2, Marine x2  
  101  7:22  SCV  
  109  7:24  SCV  
  110  7:32  SCV  
  110  7:34  SCV  
  110  7:35  Supply Depot  
  110  7:36  SCV  
  113  7:38  Supply Depot  
  113  7:39  Supply Depot  
  113  7:41  Supply Depot  
  113  7:44  SCV  
  113  7:45  Marauder x2  
  113  7:46  Concussive Shells  
  113  7:48  Marauder, Marine  
  121  7:51  Widow Mine  
  121  7:52  Widow Mine  
  121  7:57  Marine  
  126  8:01  Marine  
  126  8:02  Marine  
  128  8:07  Marauder, Supply Depot  
  128  8:09  Supply Depot  
  129  8:14  Marine  
  129  8:15  Marauder  
  129  8:16  Marauder, Supply Depot, Marine  
  129  8:19  Marine  
  127  8:23  SCV  
  117  8:28  SCV  
  117  8:29  Marine  
  103  8:36  Marine  
  103  8:37  Marauder, Marine x3  
  103  8:38  Widow Mine x2  
  103  8:39  SCV  
  103  8:40  Marine  
  100  8:51  SCV  
  100  8:52  SCV, Marine  
  100  8:53  Medivac x2  
  100  8:54  Marine x2  
  100  8:55  Marauder  
  102  8:56  SCV  
  102  8:58  Marauder  
  102  8:59  Widow Mine x2  
  106  9:06  SCV  
  102  9:13  SCV  
  102  9:15  Marine  
  102  9:16  Marauder  
  94  9:25  Marine x2  
  94  9:26  Marauder, Orbital Command, Widow Mine x2  
  94  9:30  Marine  
  78  9:39  Marine  
  78  9:40  Marauder  
  78  9:41  SCV  
  82  9:49  Marine  
  82  9:50  Widow Mine x2  
  86  9:56  Marine  
  86  9:57  Marauder, Marine  
  83  10:05  Marine  
  83  10:06  Marauder  
  86  10:11  Marine  
  86  10:12  Marauder  
  86  10:14  Orbital Command  
  87  10:29  Marauder, Marine x3  
  87  10:30  Widow Mine x2  
  87  10:31  Medivac  
  87  10:32  Medivac  
  92  10:53  SCV  
  92  10:55  Marine  
  91  10:57  Marauder, Marine x2  
  91  10:58  Marine  
  91  10:59  Widow Mine x2  
  100  11:09  Ghost Academy  
  100  11:15  Supply Depot  
  100  11:20  Marine x2  
  100  11:21  Marauder, Marine  
  100  11:22  Marauder  
  107  11:30  Marine  
  108  11:34  SCV x3  
  108  11:38  Marine  
  108  11:39  Medivac x2, Marine  
  117  11:45  Refinery  
  117  11:46  Marauder, Refinery, SCV x2  
  121  11:49  Refinery  
  121  11:55  Supply Depot, Marine  
  123  12:02  Refinery  
Tags
 
Add a new tag
Caveats
  • Supply blocks, unpowered buildings, or Contaminate may cause inaccurate times.
  • Supply counts are checked every 10 seconds.